 Dungeon Crawl Stone Soup version 0.22-a0-307-g2b15929 (webtiles) character file.

78 xccam the Chopper (level 4, 0/35 HPs)
             Began as a Formicid Fighter on Apr 2, 2018.
             Slain by a gnoll
             ... wielding a +0 spear
              (4 damage)
             ... on level 2 of the Dungeon.
             The game lasted 00:02:11 (818 turns).

xccam the Chopper (Formicid Fighter)                 Turns: 818, Time: 00:02:12

Health: 0/35       AC:  6    Str: 27    XL:     4   Next: 61%
Magic:  4/4        EV:  8    Int:  7    God:
Gold:   84         SH: 10    Dex: 10    Spells: 3/3 levels left

rFire    . . .     SeeInvis +   a - +0 war axe
rCold    . . .     Gourm    .   c - +0 shield
rNeg     . . .     Faith    .   b - +0 scale mail
rPois    .         Spirit   .   (helmet unavailable)
rElec    .         Reflect  .   (no cloak)
rCorr    .         Harm     .   (no gloves)
MR       .....                  (no boots)
Stlth    ..........             (no amulet)
HPRegen  0.11/turn              (no ring)
MPRegen  0.09/turn              (no ring)

@: mighty
A: permanent stasis, dig shafts and tunnels, four strong arms, antennae 3
a: Dig, Shaft Self


You were on level 2 of the Dungeon.
You were not hungry.

You visited 1 branch of the dungeon, and saw 2 of its levels.

You collected 84 gold pieces.

Inventory:

Hand Weapons
 a - a +0 war axe (weapon)
Armour
 b - a +0 scale mail (worn)
 c - a +0 shield (worn)
Scrolls
 g - a scroll of identify {unknown}
 h - a scroll of teleportation {unknown}
 i - a scroll of immolation {unknown}
 k - a scroll of fog {unknown}
 l - a scroll of enchant weapon {unknown}
 m - a scroll of amnesia {unknown}
Potions
 e - a potion of flight {unknown}
 j - a potion of lignification {unknown}
Comestibles
 f - 4 rations


   Skills:
 - Level 3.2 Fighting
 + Level 4.5 Axes
 - Level 3.2 Armour
 - Level 3.6 Shields


You had 3 spell levels left.
You didn't know any spells.

Dungeon Overview and Level Annotations

Branches:
Dungeon (2/15)

Altars:
Fedhas
Vehumet
The Shining One


Innate Abilities, Weirdness & Mutations

You cannot be hasted, slowed, berserked, paralysed or teleported.
You can dig through walls and to a lower floor.
Your four strong arms can wield two-handed weapons with a shield.
You have a pair of large antennae on your head. (SInv)


Message History

The gnoll barely misses you.
You barely miss the gnoll.
The gnoll is severely wounded.
The gnoll barely misses you. The gnoll hits you but does no damage.
You block the gnoll's attack.
The gnoll hits you from afar with a spear!
You are too injured to fight recklessly!
You are too injured to fight recklessly!
You are too injured to fight recklessly!
You are too injured to fight recklessly!
You feel very mighty all of a sudden.
The gnoll hits you from afar with a spear.
* * * LOW HITPOINT WARNING * * *
You block the gnoll's attack. x2
You closely miss the gnoll.
The gnoll is severely wounded.
You block the gnoll's attack. The gnoll hits you with a spear.
* * * LOW HITPOINT WARNING * * *
The gnoll hits you from afar with a spear.
You die...

##.# #..# #.#### #....#
#########....#
.............# {
)............# # .
.............#####g#....
................@ggl....
.).............###r.....
.)...........#..# #...<
.)...........##... ...
.........#...# #### .
........####..#
#######.# ..... #..#
##.## ##.#


You could see 3 gnolls, a frilled lizard and a rat.

Vanquished Creatures
  2 adders (D:2)
  2 oozes
  2 worms (D:2)
  4 dart slugs
  4 goblins
  5 hobgoblins
  8 jackals (D:1)
  2 kobolds (D:1)
  3 bats (D:1)
  3 frilled lizards (D:1)
  A rat (D:2)
36 creatures vanquished.

Notes
Turn   | Place    | Note
-------+----------+-------------------------------------------
     0 | D:1      | xccam the Formicid Fighter began the quest for the Orb.
     0 | D:1      | Reached XP level 1. HP: 18/18 MP: 1/1
    69 | D:1      | Found a glowing golden altar of the Shining One.
    92 | D:1      | Reached XP level 2. HP: 21/24 MP: 2/2
   139 | D:1      | Reached skill level 3 in Axes
   209 | D:1      | Reached XP level 3. HP: 14/29 MP: 3/3
   755 | D:2      | Reached skill level 4 in Axes
   755 | D:2      | Reached XP level 4. HP: 24/35 MP: 4/4
   798 | D:2      | Found a blossoming altar of Fedhas.
   798 | D:2      | Found a radiant altar of Vehumet.
   818 | D:2      | Slain by a gnoll

Vault maps used:
D:1:      kennysheep_arrival_seaside, minmay_misc_feat_enclosed,
          minmay_misc_feat_encased, tso_metal_star
D:2:      gammafunk_temple_overflow_wave

Skill      XL: |  1  2  3 |
---------------+----------+-----
Axes           | 3 4 |  4.5
Fighting       | |  3.2
Armour         | |  3.2
Shields        | |  3.6

Action                   |  1- 3 |  4- 6 || total
-------------------------+-------+-------++-------
Melee: War axe           |    76 |    21 ||    97
  Use: Potion            |       |     1 ||     1
Armor: Scale mail        |    38 |     8 ||    46
Dodge: Dodged            |    40 |    11 ||    51
Block: Shield            |    43 |    16 ||    59

Table legend:
 A = Spawn XP
 B = Non-spawn XP
 C = Spawn XP percentage of total XP
 D = Spawn monster count
 E = Non-spawn monster count
 F = Spawn count percentage of total count
 G = Total turns spent on level
                    A         B        C        D         E        F      G
               +---------+---------+-------+---------+---------+-------+---------
         Total |       0 |     112 |   0.0 |       0 |      36 |   0.0 |   818
               +---------+---------+-------+---------+---------+-------+---------
           D:1 |       0 |      56 |   0.0 |       0 |      25 |   0.0 |   744
           D:2 |       0 |      56 |   0.0 |       0 |      11 |   0.0 |    74
               +---------+---------+-------+---------+---------+-------+---------
